Map: Tours du crépuscule

Players

zMeAgain - Winner!

  • Race: Zerg Zerg
  • League: Gold
  • Spawn Location: 7:00

zidar

  • Race: Zerg Zerg
  • League: Gold
  • Spawn Location: 1:00

VOD

Have the link to the VOD?

Description

Time

  • Played on: June 10, 2016, 12:09 p.m.
  • Length: 8:59
Show
View Real Time Build Order
Export as new Build Order

zMeAgain Zerg - Winner!

Build Orders: Hatch First 

Get SALT Encoding   

  12  0:01  Drone  
  13  0:10  Drone  
  14  0:25  Overlord  
  14  0:45  Hatchery, Drone  
  14  1:01  Spawning Pool  
  13  1:10  Drone  
  13  1:11  Drone  
  15  1:12  Drone  
  16  1:25  Extractor, Drone  
  16  1:33  Drone  
  17  1:47  Queen  
  20  2:01  Drone x3  
  20  2:07  Queen  
  24  2:18  Drone  
  25  2:31  Roach Warren, Drone x2  
  25  2:33  Extractor  
  25  2:36  Overlord  
  25  2:38  Overlord  
  24  3:05  Drone x3  
  27  3:23  Roach x6  
  39  3:30  Lair  
  39  4:09  Roach x2  
  43  4:10  Overlord  
  43  4:11  Overlord  
  43  4:30  Roach x7  
  55  4:47  Glial Reconstitution  
  55  4:58  Drone x5  
  60  5:01  Overlord  
  60  5:35  Overlord x2  
  60  5:36  Overlord x2  
  60  5:43  Evolution Chamber  
  60  5:46  Evolution Chamber  
  58  6:06  Roach  
  58  6:07  Roach x6  
  72  6:12  Drone x3  
  75  6:34  Zerg Ground Armor Level 1  
  75  6:35  Zerg Missile Weapons Level 1  
  75  6:37  Drone  
  76  6:40  Drone x4  
  76  6:41  Drone  
  81  7:13  Roach  
  81  7:14  Roach x6  
  95  7:19  Drone  
  96  7:41  Hatchery  
  93  8:00  Extractor  
  93  8:01  Drone  
  93  8:02  Extractor, Drone x2  
  94  8:09  Spire  
Show
View Real Time Build Order
Export as new Build Order

zidar Zerg 

Build Orders: Pool First 

Get SALT Encoding   

  12  0:02  Drone  
  13  0:12  Overlord  
  13  0:17  Drone  
  14  0:22  Extractor  
  14  0:23  Drone  
  15  0:32  Drone  
  15  0:35  Drone  
  17  0:56  Spawning Pool, Drone x2  
  18  1:20  Hatchery  
  18  1:21  Drone  
  18  1:25  Extractor, Drone  
  18  1:40  Evolution Chamber  
  18  1:42  Queen  
  19  1:48  Drone  
  20  2:05  Drone  
  21  2:14  Zergling x2  
  22  2:17  Overlord  
  22  2:31  Overlord, Queen  
  22  2:32  Overlord  
  23  2:58  Zergling x2  
  23  2:59  Zergling x14  
  31  3:06  Metabolic Boost  
  31  3:26  Pneumatized Carapace  
  31  3:36  Roach Warren  
  30  4:06  Zergling x20  
  30  4:07  Zergling x2  
  32  5:00  Baneling Nest  
  32  5:01  Zergling x22  
  32  5:06  Zerg Melee Weapons Level 1  
  42  5:38  Zergling x16  
  50  5:56  Lair  
  40  7:10  Baneling x4  
  40  7:24  Zergling x6  
  43  7:38  Baneling  
  31  7:52  Zergling x26  
  38  8:08  Zergling x10  
Tags
 
Add a new tag
Caveats
  • Supply blocks, unpowered buildings, or Contaminate may cause inaccurate times.
  • Supply counts are checked every 10 seconds.